 Dungeon Crawl Stone Soup version 0.22-a0-467-g5c5de1cb09 (webtiles) character file.

778 Foic the Cudgeler (level 7, 0/67 HPs)
             Began as a Troll Fighter on June 10, 2018.
             Slain by an orc priest
             ... wielding a cursed +0 hand axe
              (3 damage)
             ... on level 6 of the Dungeon.
             The game lasted 00:29:52 (4945 turns).

Foic the Cudgeler (Troll Fighter)                   Turns: 4945, Time: 00:29:53

Health: 0/67       AC:  5    Str: 27    XL:     7   Next: 54%
Magic:  6/6        EV:  9    Int:  4    God:
Gold:   437        SH:  9    Dex:  9    Spells: 6/6 levels left

rFire    x . .     SeeInvis .   a - +0 flail
rCold    + + .     Gourm    +   c - +0 shield
rNeg     . . .     Faith    .   b - +0 robe
rPois    .         Spirit   .   (helmet restricted)
rElec    .         Reflect  .   (no cloak)
rCorr    .         Harm     .   (gloves unavailable)
MR       .....                  (boots unavailable)
Stlth    +.........             (no amulet)
HPRegen  0.61/turn              i - ring of ice
MPRegen  0.10/turn              p - ring of protection from cold

@: slowed, very slow
A: large, unfitting armour, claws 3, fast metabolism 3, gourmand, regeneration
1, shaggy fur 1, tough skin 2
a: no special abilities


You were on level 6 of the Dungeon.
You were very full.

You visited 1 branch of the dungeon, and saw 6 of its levels.

You collected 437 gold pieces.

Inventory:

Hand Weapons
 a - a +0 flail (weapon)
 v - a +0 hunting sling of velocity
 x - a +1 scimitar of pain
Missiles
 g - 147 stones (quivered)
 l - 4 large rocks
 r - 6 javelins
Armour
 b - a +0 robe (worn)
 c - a +0 shield (worn)
Jewellery
 i - a ring of ice (left claw)
 o - an uncursed ring of magical power
 p - a ring of protection from cold (right claw)
Wands
 u - a wand of iceblast (6)
 y - a wand of flame (51)
 z - a wand of acid (10)
Scrolls
 e - 4 scrolls of amnesia
 h - a scroll of magic mapping
 j - 2 scrolls of teleportation
 k - a scroll of identify
 m - 2 scrolls of fear
 q - 2 scrolls of fog
 t - a scroll of noise
Potions
 d - 3 potions of might
 s - a potion of brilliance
 w - a potion of haste
Comestibles
 f - 6 rations


   Skills:
 + Level 3.5 Fighting
 + Level 4.8 Maces & Flails
 + Level 1.2 Throwing
 + Level 4.0 Dodging
 + Level 0.8 Stealth
 + Level 3.9 Shields


You had 6 spell levels left.
You didn't know any spells.
Your spell library contained the following spells:

 Spells                   Type           Power        Failure   Level  Hunger
 Throw Frost              Conj/Ice       #.....       95%         2    ###....
 Freeze                   Ice            #...         86%         1    ##.....
 Summon Ice Beast         Ice/Summ       #.......     100%        4    #####..
 Ozocubu's Armour         Chrm/Ice       #.......     99%         3    ####...
 Throw Icicle             Conj/Ice       #.......     100%        4    #####..


Dungeon Overview and Level Annotations

Branches:
Dungeon (6/15)
 Temple: D:4-7

Altars:
Nemelex Xobeh
Okawaru
Sif Muna
Trog
Uskayaw
Yredelemnul
Zin

Annotations:
D:3 1 runed door


Innate Abilities, Weirdness & Mutations

You are too large for most types of armour.
You have claws for hands.
Your metabolism is lightning-fast.
You like to eat raw meat.
Your natural rate of healing is unusually fast.
You are covered in fur. (AC +1)
You have very tough skin. (AC +2)


Message History

The orc wizard hits you with a dagger.
* * * LOW HITPOINT WARNING * * *
The orc priest hits you but does no damage.
Aiming: Throw Flame
Press: ? - help, Shift-Dir - straight line, f - orc wizard
Aim: an orc wizard, wielding a dagger and wearing a robe (heavily wounded)
The puff of flame hits the orc wizard.
The orc wizard is almost dead.
The orc wizard hits you with a dagger.
* * * LOW HITPOINT WARNING * * *
The orc priest barely misses you.
You closely miss the orc wizard.
The orc wizard is almost dead.
An orc wizard appears from thin air!
Reactivating autopickup.
The orc wizard points at you and mumbles some strange words.
The magic dart hits you!
* * * LOW HITPOINT WARNING * * *
The orc priest hits you with a hand axe.
You die...

#...##.....
######..........
#...##...>......
#.........######
#.........#
#.........######
#.........##....
######.........##....
#ooo@o.........''....
######.######.......##....
#..)........'.............
##.###.######.......##....
#. #... ##########.... #.
###.# ##### #. .# #. # #.


You could see an orc priest, 2 orc wizards and an orc.

Vanquished Creatures
  A sky beast (D:5)
  A phantom (D:4)
  A bullfrog (D:6)
  2 scorpions
  2 crimson imps (D:6)
  A bullfrog zombie (D:6)
  A hound (D:4)
  An orc priest (D:4)
  An iguana (D:6)
  3 worker ants
  3 gnolls (D:3)
  5 adders
  An ooze (D:3)
  6 worms
  3 leopard geckos
  6 orcs
  7 giant cockroaches
  7 goblins
  6 hobgoblins (D:2)
  2 jackals (D:2)
  9 kobolds
  A ball python (D:1)
  7 bats
  10 frilled lizards
  10 rats
97 creatures vanquished.

Notes
Turn   | Place    | Note
-------+----------+-------------------------------------------
     0 | D:1      | Foic the Troll Fighter began the quest for the Orb.
     0 | D:1      | Reached XP level 1. HP: 22/22 MP: 0/0
   261 | D:1      | Reached XP level 2. HP: 21/29 MP: 1/1
   763 | D:2      | Reached XP level 3. HP: 29/36 MP: 2/2
  1148 | D:3      | Reached XP level 4. HP: 32/44 MP: 3/3
  1482 | D:2      | Found a bloodstained altar of Trog.
  2032 | D:3      | Found a runed door.
  2160 | D:3      | Found a glowing silver altar of Zin.
  2163 | D:3      | Found a basalt altar of Yredelemnul.
  2163 | D:3      | Found a deep blue altar of Sif Muna.
  2166 | D:3      | Found an iron altar of Okawaru.
  2380 | D:3      | Reached XP level 5. HP: 45/52 MP: 4/4
  2952 | D:4      | Noticed a phantom
  3024 | D:4      | Killed a phantom
  3024 | D:4      | Reached XP level 6. HP: 30/61 MP: 5/5
  3360 | D:4      | Noticed a hand axe
  3361 | D:4      | Noticed a hand axe
  3479 | D:4      | Found a sparkling altar of Nemelex Xobeh.
  3568 | D:4      | Found a hide-covered altar of Uskayaw.
  3605 | D:5      | Entered Level 5 of the Dungeon
  3673 | D:5      | Noticed a sky beast
  3706 | D:5      | Killed a sky beast
  4305 | D:6      | Reached XP level 7. HP: 37/67 MP: 6/6
  4783 | D:6      | Reached skill level 1 in Throwing
  4945 | D:6      | HP: 3/67 [orc wizard/magic dart (6)]
  4945 | D:6      | Slain by an orc priest

Vault maps used:
D:1:      minmay_arrival_jagged
D:2:      old_standard_altar
D:3:      grunt_temple_overflow_open, first_ration, kennysheep_generic_room_15,
          uniq_crazy_yiuf_cottage
D:4:      dancing_weapons_uskayaw, nemelex_spade_bored_becter
D:6:      kiku_gazebo_pond_becter

Skill      XL: |  1  2  3  4  5  6  7 |
---------------+----------------------+-----
Maces & Flails | 2 3 4 |  4.8
Shields        | 3 |  3.9
Dodging        | 3 4 |  4.0
Fighting       | 3 |  3.5
Throwing       | 1 |  1.2
Stealth        | |  0.8

Action                   |  1- 3 |  4- 6 |  7- 9 || total
-------------------------+-------+-------+-------++-------
Melee: Flail             |   171 |   274 |    89 ||   534
Throw: Stone             |     7 |    16 |    21 ||    44
Evoke: Wand              |       |       |     1 ||     1
  Use: Scroll            |     6 |     6 |     1 ||    13
       Potion            |       |     8 |     3 ||    11
 Stab: Sleeping          |       |     2 |       ||     2
  Eat: Chunk             |    16 |    23 |     5 ||    44
       Ration            |       |       |     2 ||     2
Armor: Robe              |    77 |    81 |    24 ||   182
Dodge: Dodged            |    87 |   104 |    25 ||   216
Block: Shield            |   108 |   118 |    48 ||   274

Table legend:
 A = Spawn XP
 B = Non-spawn XP
 C = Spawn XP percentage of total XP
 D = Spawn monster count
 E = Non-spawn monster count
 F = Spawn count percentage of total count
 G = Total turns spent on level
                    A         B        C        D         E        F      G
               +---------+---------+-------+---------+---------+-------+---------
         Total |       0 |    1112 |   0.0 |       0 |      97 |   0.0 |  4945
               +---------+---------+-------+---------+---------+-------+---------
           D:1 |       0 |      34 |   0.0 |       0 |      22 |   0.0 |   741
           D:2 |       0 |      73 |   0.0 |       0 |      29 |   0.0 |   897
           D:3 |       0 |     103 |   0.0 |       0 |      20 |   0.0 |  1237
           D:4 |       0 |     386 |   0.0 |       0 |      14 |   0.0 |   730
           D:5 |       0 |     131 |   0.0 |       0 |       2 |   0.0 |   676
           D:6 |       0 |     385 |   0.0 |       0 |      10 |   0.0 |   664
               +---------+---------+-------+---------+---------+-------+---------
